Map: [ESL] Waterfall

Players

KingCobra

  • Race: Protoss Protoss
  • Spawn Location: 1:00

ForJumy - Winner!

  • Race: Protoss Protoss
  • Spawn Location: 7:00

Event: DreamHack SC2 Masters 2022 Atlanta (Online)

VOD

Have the link to the VOD?

Description

Time

  • Played on: Oct. 6, 2022, 1:05 p.m.
  • Length: 5:57

All games in this series

Show
View Real Time Build Order
Export as new Build Order

KingCobra Protoss 

Build Orders: Phoenix Opening 

Get SALT Encoding   

  12  0:00  Probe  
  13  0:12  Probe  
  14  0:17  Pylon  
  14  0:24  Probe  
  15  0:35  Gateway  
  15  0:37  Probe (Chrono Boost)  
  16  0:46  Probe (Chrono Boost)  
  16  0:47  Assimilator  
  17  0:51  Probe (Chrono Boost)  
  18  0:58  Pylon  
  18  1:03  Probe  
  19  1:05  Assimilator  
  19  1:15  Probe  
  20  1:24  Cybernetics Core  
  20  1:25  Zealot  
  20  1:30  Probe  
  23  1:42  Pylon  
  23  1:45  Probe  
  24  1:57  Probe  
  24  1:58  Warp Gate (Chrono Boost), Stalker (Chrono Boost)  
  27  2:07  Cybernetics Core  
  27  2:20  Stargate  
  27  2:26  Stalker  
  29  2:45  Gateway  
  29  2:49  Pylon  
  29  3:06  Phoenix  
  31  3:16  Gateway  
  31  3:18  Gateway  
  31  3:21  Shield Battery  
  31  3:36  Pylon  
  31  3:38  Phoenix (Chrono Boost)  
  31  3:54  Stalker  
  31  3:55  Stalker  
  33  4:00  Phoenix (Chrono Boost)  
  35  4:12  Stalker  
  37  4:17  Shield Battery  
  37  4:22  Stalker  
  39  4:30  Stalker  
  41  4:43  Stalker  
  41  4:44  Stalker  
  43  5:03  Stalker x2  
  37  5:16  Stalker  
  37  5:17  Stalker  
  35  5:36  Stalker x2  
  35  5:41  Stalker  
Show
View Real Time Build Order
Export as new Build Order

ForJumy Protoss - Winner!

Build Orders: Phoenix Opening 

Get SALT Encoding   

  12  0:00  Probe  
  13  0:12  Probe  
  14  0:18  Pylon  
  14  0:24  Probe  
  15  0:36  Probe (Chrono Boost)  
  15  0:38  Gateway  
  16  0:47  Assimilator  
  16  0:48  Probe (Chrono Boost)  
  17  0:52  Probe (Chrono Boost)  
  18  1:00  Assimilator  
  18  1:03  Probe (Chrono Boost)  
  19  1:07  Pylon  
  19  1:13  Probe (Chrono Boost)  
  19  1:18  Probe (Chrono Boost)  
  21  1:25  Cybernetics Core  
  21  1:30  Zealot  
  23  1:33  Probe  
  24  1:45  Probe  
  25  1:58  Probe  
  26  2:01  Adept  
  26  2:02  Warp Gate  
  28  2:10  Probe, Pylon  
  29  2:15  Pylon  
  29  2:22  Probe  
  30  2:25  Stargate  
  29  2:33  Stalker  
  29  2:34  Probe  
  32  2:46  Probe  
  33  2:58  Probe  
  34  3:05  Stalker  
  36  3:08  Phoenix (Chrono Boost)  
  36  3:09  Shield Battery  
  39  3:23  Nexus  
  38  3:27  Shield Battery  
  38  3:43  Pylon  
  38  3:53  Probe  
  38  3:55  Gateway  
  39  4:00  Phoenix (Chrono Boost)  
  41  4:03  Shield Battery, Stalker  
  43  4:10  Pylon  
  43  4:16  Phoenix (Chrono Boost)  
  45  4:27  Stalker  
  45  4:30  Shield Battery  
  47  4:40  Phoenix (Chrono Boost)  
  49  4:50  Stalker  
  51  4:56  Stalker  
  51  4:58  Shield Battery  
  45  5:09  Phoenix  
  45  5:12  Shield Battery  
  45  5:17  Stalker  
  47  5:24  Stalker  
  45  5:42  Stalker  
Tags
 
Add a new tag
Caveats
  • Supply blocks, unpowered buildings, or Contaminate may cause inaccurate times.
  • Supply counts are checked every 10 seconds.